 Dungeon Crawl Stone Soup version 0.26-a0-466-g989023bd0d (webtiles) character file.

Game seed: 2588365233964989099

11358 Infinimo the Martial Artist (level 11, -15/83 HPs)
             Began as a Merfolk Transmuter on July 29, 2020.
             Was an Initiate of Gozag.
             Demolished by a manticore (23 damage)
             ... on level 12 of the Dungeon.
             The game lasted 00:18:07 (16281 turns).

Infinimo the Martial Artist (Merfolk Transmuter)   Turns: 16281, Time: 00:18:08

Health: -15/83     AC:  4    Str: 14    XL:     11   Next: 76%
Magic:  11/14      EV: 17    Int: 13    God:    Gozag
Gold:   1889       SH:  0    Dex: 14    Spells: 5/14 levels left

rFire    + . .     SeeInvis .     - Unarmed
rCold    + + .     Faith    .   (shield currently unavailable)
rNeg     . . .     Spirit   .   C - +1 robe {rC+}
rPois    +         Reflect  .   q - +0 helmet
rElec    .         Harm     .   A - scarf {rC+ rF+}
rCorr    .                      (gloves currently unavailable)
MR       .....                  (no boots)
Stlth    +.........             (no amulet)
HPRegen  0.23/turn              z - +4 ring of slaying
MPRegen  0.14/turn              h - ring of poison resistance

@: blade hands (expiring), marked, gold aura
A: change form in water, swift swim, stealthy swim
a: End Transformation, Potion Petition, Call Merchant, Bribe Branch, Renounce
Religion


You were on level 12 of the Dungeon.
You worshipped Gozag.
Gozag was most pleased with you.
You had blades for hands.
You visited 2 branches of the dungeon, and saw 12 of its levels.

You collected 1978 gold pieces.
You paid 89 gold pieces to Gozag.

Inventory:

Missiles
 m - 111 poisoned darts (quivered)
Armour
 q - a +0 helmet (worn)
 v - a +1 pair of gloves (melded)
 A - a scarf of resistance (worn)
 C - a +1 robe of cold resistance (worn)
Jewellery
 c - an uncursed ring of see invisible
 h - a ring of poison resistance (right scythe-like blade)
 o - an uncursed ring of protection from fire
 u - an uncursed ring of protection from cold
 w - an uncursed ring of positive energy
 z - a +4 ring of slaying (left scythe-like blade)
Wands
 r - a wand of iceblast (21)
 t - a wand of digging (12)
Scrolls
 b - a scroll of identify
 d - 4 scrolls of remove curse
 f - 3 scrolls of blinking
 g - 2 scrolls of enchant armour
 i - a scroll of magic mapping
 k - a scroll of fog
 l - 3 scrolls of teleportation
 p - 4 scrolls of enchant weapon
 s - 4 scrolls of amnesia
Potions
 a - a potion of magic
 e - 4 potions of flight
 j - a potion of might {unknown}
 n - a potion of stabbing
 x - 2 potions of ambrosia
 B - 6 potions of curing
 D - a potion of berserk rage
 E - a potion of lignification


   Skills:
 + Level 6.5 Fighting
 + Level 8.2 Dodging
 * Level 14.3 Unarmed Combat
 - Level 2.0 Spellcasting
 + Level 12.3 Transmutations


You had 5 spell levels left.
You knew the following spells:

 Your Spells              Type           Power        Failure   Level
a - Beastly Appendage     Tmut           ####..       8%          1
b - Spider Form           Tmut/Pois      ###.......   36%         3
c - Blade Hands           Tmut           ####......   32%         5

Your spell library contained the following spells:

 Spells                   Type           Power        Failure   Level
 Wereblood                Tmut           ####....     10%         2
 Sting                    Tmut/Pois      ###.         21%         1
 Passwall                 Tmut/Erth      ###.....     26%         2
 Ignite Poison            Fire/Tmut/Pois ##......     54%         3
 Ice Form                 Ice/Tmut       ###.....     63%         4
 Poisonous Vapours        Pois/Air       #.....       78%         2
 Swiftness                Air            #.......     78%         2
 Mephitic Cloud           Conj/Pois/Air  #.......     91%         3
 Olgreb's Toxic Radiance  Pois           #.......     99%         4
 Passage of Golubria      Tloc           N/A          99%         4
 Lee's Rapid Deconstruct  Erth           #.........   100%        5
 Invisibility             Hex            #.......     100%        6


Dungeon Overview and Level Annotations

Branches:
Dungeon (12/15)            Temple (1/1) D:6             Orc (0/2) D:10
   Lair: D:8-11

Altars:
Ashenzari
Cheibriados
Dithmenos
Elyvilon
Fedhas
Gozag
Hepliaklqana
Makhleb
Nemelex Xobeh
Ru
Xom
Zin
The Shining One

Shops:
D:4 [![*}


Message History

You now have 1889 gold pieces (gained 6).
You see here a large rock.
A manticore comes into view.
A manticore is nearby!
A manticore is nearby!
Your transformation is almost over.
You start resting.
A manticore is nearby!
A crocodile comes into view.
The manticore bites you! The manticore claws you!
* * * LOW HITPOINT WARNING * * *
The manticore claws you.
* * * LOW HITPOINT WARNING * * *
The manticore is lightly wounded.
The manticore bites you!
* * * LOW HITPOINT WARNING * * *
The manticore is moderately wounded.
The manticore bites you!!
You die...
Your body crumbles into a pile of gold.

*,,,,,,,,,* *,,,,...,,*
*,,.......********##########
*,,.......+,,,,,,,..........
*,,.......##########***#...#
*,,.......#........#####...#
*,,.>.....'........'..<$....
*,,.......#$...)...#######.#
*,,.......#@.......#######.#
***#.....tH###.............#
******#......(# #.............#
*,,,,,........###.............#
*,****#........##.............#
*,,,,,......(!.##.............#
*,****########..........(....##
*,* ****#..#............# *,*
**,....H'......(.....#


You could see a manticore and a crocodile.

Vanquished Creatures
  Nergalle (D:11)
  An unseen horror (D:11)
  Pikel (D:8)
  4 cyclopes
  A guardian serpent (shapeshifter) (D:10)
  A gargoyle (D:12)
  2 centaur skeletons (D:11)
  A troll (D:12)
  A hippogriff (D:10)
  Eustachio (D:4)
  3 vampire mosquitoes (D:11)
  Menkaure (D:3)
  4 wargs (D:10)
  A soldier ant (D:10)
  5 ice beasts
  2 sky beasts
  An orc warrior (D:7)
  3 phantoms
  A necrophage (D:11)
  5 ogres
  3 centaurs
  2 big kobolds
  3 bullfrogs
  3 scorpions
  15 killer bees
  11 wights
  3 centaur zombies
  6 howler monkeys
  5 hounds
  8 jellies
  10 orc wizards
  7 orc priests
  2 bullfrog skeletons
  Terence (D:2)
  7 iguanas
  9 worker ants
  4 hound skeletons
  A howler monkey zombie (D:8)
  Robin (D:3)
  9 gnolls
  2 howler monkey skeletons
  8 adders
  A shadow imp (D:8)
  A white imp (D:5)
  2 ufetubi
  An adder zombie (D:6)
  4 worms
  3 dart slugs
  5 leopard geckos
  36 orcs
  A ball python (D:2)
  11 bats
  3 giant cockroaches
  8 hobgoblins
  10 jackals
  3 quokkas
  3 frilled lizards
  15 goblins
  13 kobolds
  A leopard gecko skeleton (D:6)
  A quokka skeleton (D:10)
  6 rats
288 creatures vanquished.

Notes
Turn   | Place    | Note
-------+----------+-------------------------------------------
     0 | D:1      | Infinimo the Merfolk Transmuter began the quest for the
                  | Orb.
     0 | D:1      | Reached XP level 1. HP: 15/15 MP: 3/3
     6 | D:1      | Noticed a swamp drake
     6 | D:1      | Noticed a black bear
     7 | D:1      | Noticed a hog
     7 | D:1      | Noticed a lindwurm
    73 | D:1      | Reached XP level 2. HP: 13/21 MP: 5/5
   361 | D:1      | Reached skill level 4 in Unarmed Combat
   591 | D:1      | Reached XP level 3. HP: 24/26 MP: 6/6
  1288 | D:2      | Noticed Terence
  1310 | D:2      | Killed Terence
  1310 | D:2      | Reached XP level 4. HP: 28/32 MP: 7/7
  1387 | D:2      | Reached skill level 5 in Unarmed Combat
  1869 | D:2      | Reached XP level 5. HP: 6/37 MP: 8/8
  2104 | D:2      | Found a glowing silver altar of Zin.
  2104 | D:2      | Found a blossoming altar of Fedhas.
  2109 | D:2      | Found a faded altar of an unknown god.
  2111 | D:2      | Found a shadowy altar of Dithmenos.
  2113 | D:2      | Found a faded altar of an unknown god.
  2345 | D:3      | Found a snail-covered altar of Cheibriados.
  2345 | D:3      | Found a hazy altar of Hepliaklqana.
  2350 | D:3      | Learned a level 3 spell: Spider Form
  3333 | D:3      | Noticed Robin
  3350 | D:3      | Killed Robin
  4047 | D:3      | Found a burning altar of Makhleb.
  4047 | D:3      | Noticed an Executioner
  4193 | D:4      | Reached skill level 6 in Unarmed Combat
  4281 | D:4      | Noticed Menkaure
  4564 | D:3      | Killed Menkaure
  4564 | D:3      | Reached skill level 5 in Transmutations
  4564 | D:3      | Reached XP level 6. HP: 16/43 MP: 3/9
  5278 | D:4      | Reached skill level 7 in Unarmed Combat
  5426 | D:4      | Reached XP level 7. HP: 36/48 MP: 6/10
  5471 | D:4      | HP: 2/48 [poisoned by a scorpion]
  5811 | D:4      | Found Daedd's Armour Boutique.
  5819 | D:4      | Found Purphuivu's Distillery.
  5868 | D:4      | Found Dasacet's Antique Armour Emporium.
  5883 | D:4      | Noticed Eustachio
  5894 | D:4      | Killed Eustachio
  6138 | D:4      | Reached skill level 8 in Unarmed Combat
  6321 | D:4      | Found Joomahug's Assorted Antiques.
  6548 | D:4      | Found Vausuif's Gadget Emporium.
  6894 | D:5      | Entered Level 5 of the Dungeon
  7106 | D:5      | Learned a level 5 spell: Blade Hands
  7329 | D:5      | Reached XP level 8. HP: 51/54 MP: 11/11
  7761 | D:6      | Found a staircase to the Ecumenical Temple.
  7765 | D:6      | Reached skill level 9 in Unarmed Combat
  8202 | D:6      | Found a white marble altar of Elyvilon.
  8622 | Temple   | Entered the Ecumenical Temple
  8626 | Temple   | Became a worshipper of Gozag Ym Sagoz the Greedy
  8784 | D:7      | Reached skill level 10 in Unarmed Combat
  8953 | D:7      | Reached XP level 9. HP: 32/59 MP: 9/12
  9549 | D:7      | Found a shimmering altar of Xom.
  9778 | D:7      | Reached skill level 11 in Unarmed Combat
 10640 | D:8      | Reached skill level 10 in Transmutations
 10935 | D:8      | Noticed Pikel
 10944 | D:8      | Killed Pikel
 10944 | D:8      | Reached skill level 12 in Unarmed Combat
 11086 | D:8      | Reached XP level 10. HP: 59/68 MP: 13/13
 11645 | D:8      | Found a sparkling altar of Nemelex Xobeh.
 11657 | D:8      | You fall into a shaft and drop 2 floors!
 11657 | D:10     | Entered Level 10 of the Dungeon
 11900 | D:10     | Noticed a guardian serpent
 11916 | D:10     | Killed a guardian serpent
 11916 | D:10     | Reached skill level 5 in Dodging
 12326 | D:10     | Found a staircase to the Orcish Mines.
 12589 | D:10     | Noticed a cyclops
 13046 | D:10     | Killed a cyclops
 13046 | D:10     | Reached skill level 13 in Unarmed Combat
 13260 | D:11     | Killed an unseen horror
 13260 | D:11     | Reached skill level 5 in Fighting
 13260 | D:11     | Reached XP level 11. HP: 13/79 MP: 10/14
 14040 | D:11     | Noticed Nergalle
 14047 | D:11     | Killed Nergalle
 14681 | D:11     | Got a steaming scale mail
 14692 | D:11     | Identified the +4 scale mail "Sonorgh" {rF- rN+++ MP+9
                  | Str-5} (You found it on level 11 of the Dungeon)
 15164 | D:12     | Noticed a cyclops
 15165 | D:12     | Found a gate leading to a gauntlet.
 15172 | D:12     | Killed a cyclops
 15477 | D:12     | Reached skill level 14 in Unarmed Combat
 15487 | D:12     | Identified the cursed +0 trident "Pamampy" {freeze, Fragile
                  | rElec Dex+4}
 15890 | D:12     | Noticed a cyclops
 15898 | D:12     | Killed a cyclops
 16256 | D:12     | Noticed a cyclops
 16264 | D:12     | Killed a cyclops
 16271 | D:12     | Noticed a manticore
 16281 | D:12     | Demolished by a manticore

Illustrated notes

Levels and vault maps discovered:
D:1:      onia_arrival_zoo_common, layout_rooms
D:2:      layout_loops_ring, chequers_temple_overflow_minitemple, uniq_terence
D:3:      layout_basic, makhleb_altar_promises_db, grunt_temple_overflow_open,
          minmay_misc_feat_room, uniq_robin
D:4:      layout_layer_cave, cheibrodos_sewer_entry_drain, serial_shops, shop,
          shop_fountains, shop, shop, shop, uniq_eustachio, uniq_menkaure
D:5:      layout_basic
D:6:      layout_rooms, minmay_temple_entry_grid, elyvilon_altar_5
D:7:      layout_basic, tgw_xom, nicolae_benzene_ring, grunt_decor_arrowhead
D:8:      hangedman_cross_stitches, layout_loops_ring, lemuel_doored_altar,
          lair_entry_dummy, nemelex_diamond_rough_becter, uniq_pikel,
          uniq_maggie
D:10:     layout_roguey, minmay_orc_entry_guard_dogs, corexii_corridor_pit
D:11:     layout_roguey, uniq_nergalle
D:12:     layout_basic, gauntlet_entry_generic, minivault_16,
          kennysheep_cross_bottleneck
Temple:   zaba_magenta_temple

Skill      XL: |  1  2  3  4  5  6  7  8  9 10 11 |
---------------+----------------------------------+-----
Transmutations | 3 4 5 7 8 10 11 12 | 12.3
Unarmed Combat | 4 5 6 7 8 10 12 13 14 | 14.3
Dodging        | 4 6 8 |  8.2
Fighting       | 2 5 6 |  6.5
Spellcasting   | |  2.0

Action                   |  1- 3 |  4- 6 |  7- 9 | 10-12 || total
-------------------------+-------+-------+-------+-------++-------
Melee: Unarmed           |   101 |   233 |   340 |   284 ||   958
       Punch             |       |     3 |    12 |     6 ||    21
Throw: Dart              |    24 |    27 |       |       ||    51
 Cast: Spider Form       |       |     4 |    16 |     9 ||    29
       Blade Hands       |       |       |       |    20 ||    20
  Use: Scroll            |       |    10 |     1 |     9 ||    20
       Potion            |       |     8 |     1 |     2 ||    11
 Stab: Sleeping          |     1 |       |       |     1 ||     2
       Distracted        |       |     1 |       |     2 ||     3
Armor: Robe              |    17 |    45 |    16 |    26 ||   104
       Skin              |       |     3 |     1 |       ||     4
       Leather armour    |       |       |    42 |       ||    42
Dodge: Dodged            |    85 |   184 |   150 |   208 ||   627

Table legend: (Time is in decaauts)
 A = Elapsed time spent in this place.
 B = Non-inter-level travel time spent in this place.
 C = Inter-level travel time spent in this place.
 D = Time resting spent in this place.
 E = Time spent auto-exploring this place.
 F = Levels seen in this place.
 G = Mean time per level.
                   A        B        C        D        E       F      G
               +--------+--------+--------+--------+--------+-----+--------+
         Total |  16121 |  15711 |    410 |   4709 |   8875 |  12 | 1343.4 |
       Dungeon |  16113 |  15708 |    405 |   4709 |   8875 |  11 | 1464.8 |
        Temple |      8 |      4 |      4 |      0 |      0 |   1 |    8.0 |
               +--------+--------+--------+--------+--------+-----+--------+

Top non-repeatable levels by time:
     D:3: 2478 daAuts
    D:11: 2378 daAuts
     D:4: 1837 daAuts
     D:7: 1781 daAuts
     D:2: 1577 daAuts
    D:10: 1542 daAuts
     D:8: 1186 daAuts
     D:1: 965 daAuts
     D:6: 930 daAuts
     D:5: 789 daAuts
    D:12: 644 daAuts
  Temple: 8 daAuts
